| TOP OF THE 1ST |
|
Asheville Tourists batting - Pitching for Knoxville Blue Jays : RHP Ramon Mendoza
|
|
Pitching: RHP Ramon Mendoza
|
|
|
Batting: RHB Ulises Infante
|
0-0: Fly out, F9 (Flyball, 9LM, EV 90.6 MPH)
|
|
Batting: LHB Elias Nava
|
0-0: Swinging Strike 0-1: Swinging Strike 0-2: Ball 1-2: Strikes out swinging
|
|
Batting: LHB Donald Mazzilli
|
0-0: Ball 1-0: Called Strike 1-1: Swinging Strike 1-2: Strikes out swinging, 2-3 out at first.
|
| Top of the 1st over - 0 runs, 0 hits, 0 errors, 0 left on base; Asheville 0 - Knoxville 0 |
| BOTTOM OF THE 1ST |
|
Knoxville Blue Jays batting - Pitching for Asheville Tourists : RHP Stan Webb
|
|
Pitching: RHP Stan Webb
|
|
|
Batting: RHB LaRue Washington
|
0-0: Ball 1-0: Ground out 5-3 (Groundball, 56S, EV 63.1 MPH)
|
|
Batting: LHB Paul O'Neill
|
0-0: Called Strike 0-1: Fly out, F9 (Flyball, 9LS, EV 87.5 MPH)
|
|
Batting: RHB Jason Adams
|
0-0: Swinging Strike 0-1: Ball 1-1: SINGLE (Line Drive, 5D, EV 97.5 MPH)
|
|
Batting: RHB Hector Cruz
|
0-0: Ball 1-0: Foul Ball, location: 2F 1-1: Foul Ball, location: 2F 1-2: Fielders Choice at 2nd, 6-4 (Groundball, 6, EV 81.9 MPH)
|
| Bottom of the 1st over - 0 runs, 1 hit, 0 errors, 1 left on base; Asheville 0 - Knoxville 0 |
| TOP OF THE 2ND |
|
Asheville Tourists batting - Pitching for Knoxville Blue Jays : RHP Ramon Mendoza
|
|
Batting: SHB Dan Hanggie
|
0-0: Swinging Strike 0-1: Swinging Strike 0-2: Ball 1-2: Ball 2-2: Foul Ball, location: 2F 2-2: Fly out, F8 (Flyball, 78S, EV 83.8 MPH)
|
|
Batting: LHB Michael Wishnevski
|
0-0: Ball 1-0: Called Strike 1-1: Called Strike 1-2: Ball 2-2: SINGLE (Groundball, 56D, EV 101.3 MPH) (infield hit)
|
|
Batting: LHB Michael Robbins
|
0-0: Ball 1-0: Foul Ball, location: 2F 1-1: Called Strike 1-2: Ball 2-2: Ball 3-2: Foul Ball, location: 2F 3-2: Foul Ball, location: 2F 3-2: Strikes out swinging
|
|
Batting: RHB Gareth Ledbetter
|
0-0: Ball 1-0: Called Strike 1-1: Swinging Strike 1-2: Strikes out swinging
|
| Top of the 2nd over - 0 runs, 1 hit, 0 errors, 1 left on base; Asheville 0 - Knoxville 0 |
| BOTTOM OF THE 2ND |
|
Knoxville Blue Jays batting - Pitching for Asheville Tourists : RHP Stan Webb
|
|
Batting: RHB Hank Small
|
0-0: Ball 1-0: Foul Ball, location: 2F 1-1: Ground out 6-3 (Groundball, 6MD, EV 103.8 MPH)
|
|
Batting: RHB Eugene Pallavicini
|
0-0: Called Strike 0-1: Called Strike 0-2: Ground out 6-3 (Groundball, P, EV 83.8 MPH)
|
|
Batting: LHB Danny Goodwin
|
0-0: Ball 1-0: Called Strike 1-1: Ball 2-1: Ball 3-1: Foul Ball, location: 2F 3-2: Base on Balls
|
|
Batting: RHB Jerry Royster
|
0-0: Ball 1-0: Ball 2-0: Fielders Choice at 2nd, 6-4 (Groundball, 6, EV 101.9 MPH)
|
| Bottom of the 2nd over - 0 runs, 0 hits, 0 errors, 1 left on base; Asheville 0 - Knoxville 0 |
| TOP OF THE 3RD |
|
Asheville Tourists batting - Pitching for Knoxville Blue Jays : RHP Ramon Mendoza
|
|
Batting: SHB Wayne Simmons
|
0-0: Foul Ball, location: 2F 0-1: Foul Ball, location: 2F 0-2: Strikes out swinging
|
|
Batting: RHB Jack Ramirez
|
0-0: Called Strike 0-1: Called Strike 0-2: Ball 1-2: Strikes out looking
|
|
Batting: RHB Ulises Infante
|
0-0: Foul Ball, location: 2F 0-1: SOLO HOME RUN (Flyball, 7D, EV 95.6 MPH), Distance : 416 ft
|
|
Batting: LHB Elias Nava
|
0-0: Called Strike 0-1: Foul Ball, location: 2F 0-2: Ball 1-2: Foul Ball, location: 2F 1-2: Strikes out swinging
|
| Top of the 3rd over - 1 run, 1 hit, 0 errors, 0 left on base; Asheville 1 - Knoxville 0 |
| BOTTOM OF THE 3RD |
|
Knoxville Blue Jays batting - Pitching for Asheville Tourists : RHP Stan Webb
|
|
Batting: RHB Kenny Hanes
|
0-0: Called Strike 0-1: Called Strike 0-2: Strikes out swinging
|
|
Batting: RHB LaRue Washington
|
0-0: Ball 1-0: Foul Ball, location: 2F 1-1: Ground out 4-3 (Groundball, 4, EV 88.1 MPH)
|
|
Batting: LHB Paul O'Neill
|
0-0: Foul Ball, location: 2F 0-1: Foul Ball, location: 2F 0-2: Strikes out looking
|
| Bottom of the 3rd over - 0 runs, 0 hits, 0 errors, 0 left on base; Asheville 1 - Knoxville 0 |
| TOP OF THE 4TH |
|
Asheville Tourists batting - Pitching for Knoxville Blue Jays : RHP Ramon Mendoza
|
|
Batting: LHB Donald Mazzilli
|
0-0: Ground out 4-3 (Groundball, 4M, EV 84.4 MPH)
|
|
Batting: SHB Dan Hanggie
|
0-0: Fly out, F9 (Flyball, 9LM, EV 89.4 MPH)
|
|
Batting: LHB Michael Wishnevski
|
0-0: Called Strike 0-1: Foul Ball, location: 2F 0-2: Ball 1-2: Ball 2-2: Strikes out swinging
|
| Top of the 4th over - 0 runs, 0 hits, 0 errors, 0 left on base; Asheville 1 - Knoxville 0 |
| BOTTOM OF THE 4TH |
|
Knoxville Blue Jays batting - Pitching for Asheville Tourists : RHP Stan Webb
|
|
Batting: RHB Jason Adams
|
0-0: Ball 1-0: Fly out, F8 (Flyball, 8LD, EV 101.9 MPH)
|
|
Batting: RHB Hector Cruz
|
0-0: Called Strike 0-1: Foul Ball, location: 2F 0-2: Ball 1-2: Fly out, F3 (Popup, 3SF, EV 78.1 MPH)
|
|
Batting: RHB Hank Small
|
0-0: SINGLE (Flyball, 89S, EV 98.1 MPH) - OUT at second base trying to stretch hit.
|
| Bottom of the 4th over - 0 runs, 1 hit, 0 errors, 0 left on base; Asheville 1 - Knoxville 0 |
| TOP OF THE 5TH |
|
Asheville Tourists batting - Pitching for Knoxville Blue Jays : RHP Ramon Mendoza
|
|
Batting: LHB Michael Robbins
|
0-0: Ball 1-0: Ball 2-0: Foul Ball, location: 2F 2-1: Foul Ball, location: 2F 2-2: Ball 3-2: Strikes out swinging
|
|
Batting: RHB Gareth Ledbetter
|
0-0: Called Strike 0-1: Foul Ball, location: 2F 0-2: Foul Ball, location: 2F 0-2: Ball 1-2: Ball 2-2: Strikes out swinging
|
|
Batting: SHB Wayne Simmons
|
0-0: Foul Ball, location: 2F 0-1: Ground out 4-3 (Groundball, 34, EV 96.9 MPH)
|
| Top of the 5th over - 0 runs, 0 hits, 0 errors, 0 left on base; Asheville 1 - Knoxville 0 |
| BOTTOM OF THE 5TH |
|
Knoxville Blue Jays batting - Pitching for Asheville Tourists : RHP Stan Webb
|
|
Batting: RHB Eugene Pallavicini
|
0-0: Fly out, F8 (Line Drive, 8RM, EV 91.3 MPH)
|
|
Batting: LHB Danny Goodwin
|
0-0: Ball 1-0: Ball 2-0: Ball 3-0: Swinging Strike 3-1: Called Strike 3-2: Strikes out looking
|
|
Batting: RHB Jerry Royster
|
0-0: Ball 1-0: Swinging Strike 1-1: Ball 2-1: Foul Ball, location: 2F 2-2: Foul Ball, location: 2F 2-2: Ball 3-2: Foul Ball, location: 2F 3-2: Ground out U3 (Groundball, 3, EV 100.6 MPH)
|
| Bottom of the 5th over - 0 runs, 0 hits, 0 errors, 0 left on base; Asheville 1 - Knoxville 0 |
| TOP OF THE 6TH |
|
Asheville Tourists batting - Pitching for Knoxville Blue Jays : RHP Ramon Mendoza
|
|
Batting: RHB Jack Ramirez
|
0-0: SINGLE (Groundball, 4MD, EV 96.9 MPH)
|
|
Batting: RHB Ulises Infante
|
0-0: Ball Jack Ramirez steals 2nd base 1-0: Called Strike 1-1: Foul Ball, location: 2F 1-2: Strikes out swinging
|
|
Batting: LHB Elias Nava
|
0-0: Called Strike 0-1: Ball 1-1: Foul Ball, location: 2F 1-2: Ball 2-2: Ball 3-2: SINGLE (Groundball, 4MS, EV 70.0 MPH) (infield hit) Jack Ramirez to third
|
|
Batting: LHB Donald Mazzilli
|
0-0: Swinging Strike 0-1: Ball Elias Nava steals 2nd base 1-1: Ground out U3 (Groundball, 34, EV 93.8 MPH)
|
|
Batting: SHB Dan Hanggie
|
0-0: Ball 1-0: Swinging Strike 1-1: Swinging Strike 1-2: Foul Ball, location: 2F 1-2: Foul Ball, location: 2F 1-2: Strikes out swinging
|
| Top of the 6th over - 0 runs, 2 hits, 0 errors, 2 left on base; Asheville 1 - Knoxville 0 |
| BOTTOM OF THE 6TH |
|
Knoxville Blue Jays batting - Pitching for Asheville Tourists : RHP Stan Webb
|
|
Batting: RHB Kenny Hanes
|
0-0: Called Strike 0-1: Called Strike 0-2: Ball 1-2: Strikes out swinging
|
|
Batting: RHB LaRue Washington
|
0-0: Ball 1-0: Ball 2-0: Called Strike 2-1: Swinging Strike 2-2: Foul Ball, location: 2F 2-2: Fly out, F9 (Flyball, 9D, EV 87.5 MPH)
|
|
Batting: LHB Paul O'Neill
|
0-0: Fly out, F9 (Flyball, 9S, EV 85.6 MPH)
|
| Bottom of the 6th over - 0 runs, 0 hits, 0 errors, 0 left on base; Asheville 1 - Knoxville 0 |
| TOP OF THE 7TH |
|
Asheville Tourists batting - Pitching for Knoxville Blue Jays : RHP Ramon Mendoza
|
|
Batting: LHB Michael Wishnevski
|
0-0: DOUBLE (Groundball, 3L, EV 100.6 MPH)
|
|
Batting: LHB Michael Robbins
|
0-0: Intentional Walk
|
|
Batting: RHB Gareth Ledbetter
|
0-0: Bunt missed! 0-1: Bunted foul 0-2: Grounds into double play, 4-6-3 (Groundball, 4, EV 86.9 MPH) Michael Wishnevski to third
|
|
Batting: SHB Wayne Simmons
|
0-0: Called Strike 0-1: Fly out, F9 (Flyball, 89M, EV 89.4 MPH)
|
| Top of the 7th over - 0 runs, 1 hit, 0 errors, 1 left on base; Asheville 1 - Knoxville 0 |
| BOTTOM OF THE 7TH |
|
Knoxville Blue Jays batting - Pitching for Asheville Tourists : RHP Stan Webb
|
|
Pitching: RHP Robert Allen
|
|
|
Batting: RHB Jason Adams
|
0-0: Ball 1-0: Ball 2-0: Foul Ball, location: 2F 2-1: Fly out, F9 (Line Drive, 9, EV 104.4 MPH)
|
|
Batting: RHB Hector Cruz
|
0-0: Swinging Strike 0-1: Swinging Strike 0-2: Ball 1-2: Ball 2-2: Ball 3-2: Fly out, F9 (Flyball, 9LM, EV 99.4 MPH)
|
|
Batting: RHB Hank Small
|
0-0: Foul Ball, location: 2F 0-1: Ball 1-1: Ground out 6-3 (Groundball, 6, EV 88.8 MPH)
|
| Bottom of the 7th over - 0 runs, 0 hits, 0 errors, 0 left on base; Asheville 1 - Knoxville 0 |
| TOP OF THE 8TH |
|
Asheville Tourists batting - Pitching for Knoxville Blue Jays : RHP Ramon Mendoza
|
|
Batting: RHB Jack Ramirez
|
0-0: Ground out 4-3 (Groundball, 4, EV 105.6 MPH)
|
|
Batting: RHB Ulises Infante
|
0-0: Ball 1-0: Called Strike 1-1: Swinging Strike 1-2: Foul Ball, location: 2F 1-2: Strikes out swinging
|
|
Batting: LHB Elias Nava
|
0-0: Ball 1-0: Ball 2-0: Foul Ball, location: 2F 2-1: Ball 3-1: Foul Ball, location: 2F 3-2: Foul Ball, location: 2F 3-2: Foul Ball, location: 2F 3-2: Foul Ball, location: 2F 3-2: Strikes out swinging
|
| Top of the 8th over - 0 runs, 0 hits, 0 errors, 0 left on base; Asheville 1 - Knoxville 0 |
| BOTTOM OF THE 8TH |
|
Knoxville Blue Jays batting - Pitching for Asheville Tourists : RHP Robert Allen
|
|
Batting: RHB Eugene Pallavicini
|
0-0: Ball 1-0: Fly out, F7 (Flyball, 7LS, EV 78.8 MPH)
|
|
Batting: LHB Danny Goodwin
|
0-0: Swinging Strike 0-1: Ball 1-1: Ball 2-1: Called Strike 2-2: Strikes out swinging
|
|
Batting: RHB Jerry Royster
|
0-0: Ball 1-0: Called Strike 1-1: Ball 2-1: Ball 3-1: Called Strike 3-2: Foul Ball, location: 2F 3-2: Base on Balls
|
|
Pitching: LHP Dave Schuler
|
|
|
Batting: RHB Kenny Hanes
|
0-0: Foul Ball, location: 2F 0-1: Reached on error, E5 (Groundball, 56, EV 89.4 MPH) Jerry Royster to second
|
|
Batting: RHB LaRue Washington
|
0-0: SINGLE (Groundball, 56D, EV 95.0 MPH) Jerry Royster to third Kenny Hanes to second Runner from 3rd tries for Home, SAFE, throw by LF to home
|
|
Batting: LHB Paul O'Neill
|
0-0: Ball 1-0: Ball 2-0: Fly out, F9 (Flyball, 9LM, EV 84.4 MPH)
|
| Bottom of the 8th over - 1 run, 1 hit, 1 error, 2 left on base; Asheville 1 - Knoxville 1 |
| TOP OF THE 9TH |
|
Asheville Tourists batting - Pitching for Knoxville Blue Jays : RHP Ramon Mendoza
|
|
Pitching: LHP Jeff Haines
|
|
|
Batting: LHB Donald Mazzilli
|
0-0: Ball 1-0: Called Strike 1-1: Called Strike 1-2: Ball 2-2: Ground out 4-3 (Groundball, 4, EV 78.8 MPH)
|
|
Batting: SHB Dan Hanggie
|
0-0: Called Strike 0-1: Swinging Strike 0-2: Ball 1-2: Fly out, F7 (Flyball, 7D, EV 100.0 MPH)
|
|
Batting: LHB Michael Wishnevski
|
0-0: SINGLE (Flyball, 8LS, EV 98.8 MPH)
|
|
Batting: RHB Mike Garcia
|
0-0: Foul Ball, location: 2F 0-1: Ball 1-1: Fly out, F8 (Flyball, 8LM, EV 81.3 MPH)
|
| Top of the 9th over - 0 runs, 1 hit, 0 errors, 1 left on base; Asheville 1 - Knoxville 1 |
| BOTTOM OF THE 9TH |
|
Knoxville Blue Jays batting - Pitching for Asheville Tourists : LHP Dave Schuler
|
|
Batting: RHB Jason Adams
|
0-0: Called Strike 0-1: SINGLE (Line Drive, 89S, EV 93.8 MPH)
|
|
Batting: RHB Hector Cruz
|
0-0: DOUBLE (Flyball, 89XD, EV 103.1 MPH) Jason Adams to third
|
|
Batting: RHB Hank Small
|
0-0: Called Strike 0-1: Foul Ball, location: 2F 0-2: Ball 1-2: Foul Ball, location: 2F 1-2: Strikes out swinging
|
|
Batting: RHB Eugene Pallavicini
|
0-0: Intentional Walk
|
|
Pinch Hitting: RHB Mike Bucci
|
0-0: Foul Ball, location: 2F 0-1: Ball 1-1: Ball 2-1: Foul Ball, location: 2F 2-2: Foul Ball, location: 2F 2-2: SINGLE (Groundball, 56D, EV 103.1 MPH) Jason Adams scores
|
| Bottom of the 9th over - 1 run, 3 hits, 0 errors, 0 left on base; Asheville 1 - Knoxville 2 |
|